 Dungeon Crawl Stone Soup version 0.28-a0-1624-g820543e53a (webtiles) character file.

Game seed: 2389901199292080412

489 frimble the Grasshopper (level 6, -1/47 HPs)
             Began as a Demonspawn Warper on Jan 23, 2022.
             Slain by a wraith (11 damage)
             ... in an ossuary.
             The game lasted 00:06:17 (4687 turns).

frimble the Grasshopper (Demonspawn Warper)         Turns: 4687, Time: 00:06:17

Health: -1/47      AC:  3    Str: 12    XL:     6   Next: 90%
Magic:  1/9        EV: 12    Int: 25    God:
Gold:   111        SH:  4    Dex: 16    Spells: 4/9 levels left

rFire   . . .      SeeInvis .   b - +9 hunting sling of Amortisation {vorpal, rElec rC- Int+9 Dex+4}
rCold   x . .      Faith    .   (no shield)
rNeg    . . .      Spirit   .   g - +0 leather armour
rPois   .          Reflect  .   (helmet restricted)
rElec   +          Harm     .   (no cloak)
rCorr   .          Rampage  .   (no gloves)
Will    .....                   (no boots)
Stlth   +.........              (no amulet)
HPRegen 0.15/turn               (no ring)
MPRegen 0.11/turn               (no ring)

@: very slightly contaminated, slowed, very slow
A: antennae 1, condensation shield
a: no special abilities


You were in an ossuary.
You visited 1 branch of the dungeon, and saw 4 of its levels.
You also visited: Ossuary.

You collected 111 gold pieces.

Inventory:

Hand Weapons
 a - a +1 short sword
 b - the +9 hunting sling of Amortisation (weapon) {vorpal, rElec rC- Int+9 Dex+4}
   (You found it on level 2 of the Dungeon)

   Any ammunition fired from it inflicts extra damage upon your enemies.
   Int:       It affects your intelligence (+9).
   Dex:       It affects your dexterity (+4).
   rC:        It makes you vulnerable to cold.
   rElec:     It insulates you from electricity.
 o - a +4 scimitar
Missiles
 d - 2 boomerangs of dispersal
 k - 108 stones (quivered ammo)
 l - 36 sling bullets
 p - 6 javelins
Armour
 g - a +0 leather armour (worn)
Jewellery
 e - a ring of magical power
Wands
 f - a wand of flame (21)
 w - a wand of digging (12)
Scrolls
 c - 2 scrolls of blinking
 j - 4 scrolls of teleportation
 s - 2 scrolls of enchant weapon
 v - a scroll of immolation
Potions
 h - 2 potions of brilliance {unknown}
 i - 2 potions of mutation {unknown}
 m - 2 potions of curing
 n - 2 potions of resistance
 q - a potion of attraction
 r - a potion of might
 t - a potion of lignification
 u - 2 potions of haste


   Skills:
 + Level 3.5 Fighting
 - Level 2.0 Short Blades
 + Level 3.7(3.9) Slings
 - Level 1.5(2.8) Throwing
 - Level 1.2 Armour
 + Level 3.1 Dodging
 - Level 2.2 Spellcasting
 + Level 3.8 Translocations


You had 4 spell levels left.
You knew the following spells:

 Your Spells              Type           Power      Damage    Failure   Level
a - Blink                 Tloc           42%        N/A       4%          2
b - Teleport Other        Tloc           21%        N/A       9%          3

Your spell library contained the following spells:

 Spells                   Type           Power      Damage    Failure   Level
 Gell's Gravitas          Tloc           21%        N/A       9%          3
 Lesser Beckoning         Tloc           21%        N/A       9%          3
 Scorch                   Fire           4%         2d5       22%         2
 Flame Wave               Conj/Fire      2%         2d4       80%         4
 Manifold Assault         Tloc           21%        N/A       63%         5
 Summon Forest            Summ/Tloc      6%         N/A       87%         5
 Eringya's Noxious Bog    Tmut/Pois      1%         N/A       100%        6
 Summon Cactus Giant      Summ           1%         N/A       100%        6
 Summon Hydra             Summ           1%         N/A       100%        7


Dungeon Overview and Level Annotations

Branches:
Dungeon (4/15)            Ossuary (1/1)
 Temple: D:4-7

Altars:
Gozag
Makhleb
Uskayaw

Shops:
D:2 [(((


Innate Abilities, Weirdness & Mutations

You have a pair of small antennae on your head.
A meltable shield of frost defends you. (SH +4)


Message History

You are very lightly contaminated with residual magic.
Nothing appears to happen.
You feel yourself speed up. The wraith closely misses you.
You block the wraith's attack.
Casting: Blink (safe; 4% risk of failure)
Confirm with . or Enter, or press ? or * to list all spells.
You blink.
Fire: 113 stones
Press: ? - help, Q - select action, (/) - cycle Shift-Dir - straight line, f/p - wraith
Aim: a wraith (severely damaged, 71% to hit)
You shoot a stone. The stone barely misses the wraith.
Fire: 112 stones
Press: ? - help, Q - select action, (/) - cycle Shift-Dir - straight line, f/p - wraith
Aim: a wraith (severely damaged, 71% to hit)
You shoot a stone. The stone closely misses the wraith.
You feel stable enough to blink again.
Fire: 111 stones
Press: ? - help, Q - select action, (/) - cycle Shift-Dir - straight line, f/p - wraith
Aim: a wraith (severely damaged, 71% to hit)
You shoot a stone.
The stone hits the wraith but does no damage.
The wraith is severely damaged.
Fire: 110 stones
Press: ? - help, Q - select action, (/) - cycle Shift-Dir - straight line, f/p - wraith
Aim: a wraith (severely damaged, 71% to hit)
You shoot a stone. The stone hits the wraith.
The wraith is almost destroyed.
The wraith hits you.
* * * LOW HITPOINT WARNING * * *
The wraith drains your vigour!
You feel yourself slow down.
Casting: Blink (safe; 4% risk of failure)
Confirm with . or Enter, or press ? or * to list all spells.
You don't have enough magic to cast this spell.
Unknown command.
Fire: 109 stones
Press: ? - help, Q - select action, (/) - cycle Shift-Dir - straight line, f/p - wraith
Aim: a wraith (almost destroyed, 71% to hit)
You shoot a stone. The stone completely misses the wraith.
The wraith hits you!
You die...

#################
#...[@..........#
#.'##W.###..##'.#
#.#.#(.#z#..#.#.#
#.###..###..###.# ###
#.....(((...((..# #W#
#.###..(..(.###.###▓##
#.#z#.......#z#.'.....
#.###(..(...###.###▓##
#...............# #z#


You could see a wraith.

Vanquished Creatures
  A wraith (Ossuary)
  4 wights (Ossuary)
  An iguana (D:3)
  A hound skeleton (D:3)
  6 adders (D:2)
  2 adder zombies (Ossuary)
  A worm (D:2)
  2 dart slugs (D:1)
  7 orcs (D:3)
  9 ball pythons
  7 bats
  4 endoplasms (D:1)
  A giant cockroach (D:1)
  5 goblins
  3 hobgoblins
  4 jackals (D:1)
  4 kobolds
  5 quokkas
  A ball python skeleton (Ossuary)
  A frilled lizard (D:3)
  A hobgoblin skeleton (Ossuary)
  2 kobold zombies (Ossuary)
  An orc skeleton (Ossuary)
  An orc zombie (Ossuary)
  8 rats
82 creatures vanquished.

Vanquished Creatures (others)
  16 plants (D:1)
  2 withered plants (D:1)
18 creatures vanquished.

Grand Total: 100 creatures vanquished

Notes
Turn   | Place    | Note
-------+----------+-------------------------------------------
     0 | D:1      | frimble the Demonspawn Warper began the quest for the Orb.
     0 | D:1      | Reached XP level 1. HP: 16/16 MP: 3/3
    38 | D:1      | Reached skill level 1 in Armour
   125 | D:1      | Reached skill level 1 in Throwing
   208 | D:1      | Gained mutation: You have a pair of small antennae on your
                  | head. [demonic ancestry]
   208 | D:1      | Reached XP level 2. HP: 15/22 MP: 5/5
   332 | D:1      | Found a faded altar of an unknown god.
   921 | D:1      | Gained mutation: A meltable shield of frost defends you.
                  | (SH +4) [demonic ancestry]
   921 | D:1      | Reached XP level 3. HP: 26/27 MP: 6/6
   924 | D:1      | Learned a level 2 spell: Blink
  1611 | D:2      | Found Neoredgh's Antique Weapon Shoppe.
  1614 | D:2      | Found Lamiem's Antique Weapon Boutique.
  1661 | D:2      | Found a burning altar of Makhleb.
  1668 | D:2      | Learned a level 3 spell: Teleport Other
  2110 | D:2      | Identified the +9 hunting sling of Amortisation {vorpal,
                  | rElec rC- Int+9 Dex+4}
  2356 | D:2      | Found Sedaziq's Antique Armour Boutique.
  2423 | D:2      | Found Nedew's Weapon Boutique.
  2461 | D:2      | Reached skill level 1 in Slings
  2479 | D:2      | Reached XP level 4. HP: 34/34 MP: 7/7
  3040 | D:3      | Found an opulent altar of Gozag.
  3154 | D:3      | Reached XP level 5. HP: 39/39 MP: 8/8
  3631 | D:3      | Found a hide-covered altar of Uskayaw.
  3923 | D:4      | Found a sand-covered staircase.
  3928 | Ossuary  | Entered an ossuary
  4191 | Ossuary  | Reached XP level 6. HP: 46/46 MP: 7/9
  4253 | Ossuary  | Noticed a wraith
  4253 | Ossuary  | Noticed a flying skull
  4260 | Ossuary  | Noticed a flying skull
  4266 | Ossuary  | Noticed a flying skull
  4304 | Ossuary  | Noticed a flying skull
  4422 | Ossuary  | Noticed a wraith
  4434 | Ossuary  | Killed a wraith
  4661 | Ossuary  | Noticed a wraith
  4687 | Ossuary  | Slain by a wraith

Illustrated notes

Levels and vault maps discovered:
D:1:      roderic_crop_circles_arrival_large, layout_rooms,
          ebering_ecumenical_altar_petrified, nrook_uturn, minivault_24,
          chequers_serial_rivers_micro_a
D:2:      layout_basic, basic_altar, serial_shops,
          nicolae_shop_bloodbath_and_beyond, shop_fountains, shop_fountains,
          nicolae_shop_overgrown_old_shop
D:3:      layout_basic, nicolae_gozag_seed_capital, nicolae_uskayaw_suspiria
D:4:      layout_basic, enter_ossuary_5, minmay_circle_x, uniq_ijyb
Ossuary:  ossuary_due_cavern

Skill      XL: |  1  2  3  4  5  6 |
---------------+-------------------+-----
Armour         | 1 |  1.2
Throwing       | 1 |  1.5
Short Blades   | 2 |  2.0
Dodging        | 2 3 |  3.1
Translocations | 3 |  3.8
Slings         | 1 2 3 |  3.7
Fighting       | 3 |  3.5
Spellcasting   | |  2.2

Action                   |  1- 3 |  4- 6 || total
-------------------------+-------+-------++-------
Melee: Short sword       |   166 |       ||   166
       Punch             |     3 |       ||     3
 Fire: Hunting sling     |    12 |   123 ||   135
Throw: Boomerang         |     3 |       ||     3
 Cast: Teleport Other    |     1 |       ||     1
       Blink             |       |     9 ||     9
  Use: Scroll            |     1 |     7 ||     8
       Potion            |     1 |     1 ||     2
Armor: Leather armour    |    50 |     3 ||    53
       Skin              |       |     8 ||     8
Dodge: Dodged            |   101 |    14 ||   115
Block: Other             |    16 |     9 ||    25

Table legend: (Time is in decaauts)
 A = Elapsed time spent in this place.
 B = Non-inter-level travel time spent in this place.
 C = Inter-level travel time spent in this place.
 D = Time resting spent in this place.
 E = Time spent auto-exploring this place.
 F = Levels seen in this place.
 G = Mean time per level.
                   A        B        C        D        E       F      G
               +--------+--------+--------+--------+--------+-----+--------+
         Total |   4714 |   4479 |    235 |    496 |   3228 |   5 |  942.8 |
       Dungeon |   3940 |   3705 |    235 |    496 |   2600 |   4 |  985.0 |
       Ossuary |    774 |    774 |      0 |      0 |    628 |   1 |  774.0 |
               +--------+--------+--------+--------+--------+-----+--------+

Top non-repeatable levels by time:
     D:2: 1627 daAuts
     D:1: 1287 daAuts
     D:3: 964 daAuts
 Ossuary: 774 daAuts
     D:4: 61 daAuts
